 Dungeon Crawl Stone Soup version 0.23-a0-644-gb60d84b (webtiles) character file.

765 Borgoz the Skirmisher (level 7, -12/62 HPs)
             Began as a Minotaur Abyssal Knight on Jan 1, 2019.
             Was an Elder of Lugonu.
             Mangled by a gnoll
             ... wielding a cursed +0 halberd
              (13 damage)
             ... on level 4 of the Dungeon.
             The game lasted 00:08:49 (4522 turns).

Borgoz the Skirmisher (Minotaur Abyssal Knight)     Turns: 4522, Time: 00:08:50

Health: -12/62     AC:  6    Str: 16    XL:     7   Next: 51%
Magic:  18/18      EV: 12    Int:  9    God:    Lugonu [****..]
Gold:   201        SH:  0    Dex: 12    Spells: 6/6 levels left

rFire    . . .     SeeInvis .   a - +1 hand axe
rCold    . . .     Gourm    .   (no shield)
rNeg     . . .     Faith    .   i - +0 ring mail
rPois    .         Spirit   .   (helmet restricted)
rElec    .         Reflect  .   (no cloak)
rCorr    .         Harm     .   (no gloves)
MR       .....                  (no boots)
Stlth    ..........             (no amulet)
HPRegen  0.20/turn              n - ring of magical power
MPRegen  0.16/turn              (no ring)

@: confused, glowing
A: retaliatory headbutt, horns 2
a: Depart the Abyss, Bend Space, Banish, Corrupt, Renounce Religion


You were on level 4 of the Dungeon.
You worshipped Lugonu.
Lugonu was greatly pleased with you.
You were not hungry.

You visited 1 branch of the dungeon, and saw 4 of its levels.
You visited the Abyss 1 time.

You collected 201 gold pieces.

Inventory:

Hand Weapons
 a - a +1 hand axe (weapon)
Armour
 i - a +0 ring mail (worn)
Jewellery
 n - a ring of magical power (left hand)
Wands
 o - a wand of random effects (8)
 q - a wand of flame (21)
Scrolls
 d - a scroll of amnesia {unknown}
 h - a scroll of teleportation {unknown}
 j - 2 scrolls of noise {unknown}
 l - 4 scrolls of blinking
 p - 3 scrolls of identify
 s - a scroll of remove curse {unknown}
Potions
 b - 2 potions of lignification {unknown}
 e - 2 potions of curing
 g - a potion of might
 k - a potion of mutation
Comestibles
 c - 7 rations
 r - a chunk of flesh


   Skills:
 + Level 5.7 Fighting
 + Level 5.0 Axes
 + Level 5.1 Armour
 + Level 4.0 Dodging
 + Level 4.0 Invocations


You had 6 spell levels left.
You didn't know any spells.
Your spell library was empty.

Dungeon Overview and Level Annotations

Branches:
Dungeon (4/15)
 Temple: D:4-7

Altars:
Yredelemnul

Shops:
D:4 (


Innate Abilities, Weirdness & Mutations

You reflexively headbutt those who attack you in melee.
You have a pair of horns on your head.


Message History

The gnoll hits you with a cursed +0 halberd.
* * * LOW HITPOINT WARNING * * *
You hit the gnoll but do no damage. Your headbutt misses the gnoll.
The gnoll is severely wounded.
You closely miss the gnoll shaman. You barely miss the gnoll.
You barely miss the hound. The hound misses you.
The gnoll shaman hits you but does no damage.
The gnoll hits you but does no damage. The hound barely misses you.
The gnoll hits you with a cursed +0 halberd.
* * * LOW HITPOINT WARNING * * *
You barely miss the gnoll. Your headbutt misses the gnoll.
The gnoll is severely wounded.
You hit the gnoll shaman. You barely miss the gnoll. You hit the hound.
The hound bites you but does no damage.
The gnoll shaman hits you with a +0 club.
* * * LOW HITPOINT WARNING * * *
The gnoll hits you with a +0 spear!
* * * LOW HITPOINT WARNING * * *
The gnoll hits you with a cursed +0 halberd!
You die...

##..# .. $g##...ggo<..
##.#
....#.#.#♣∩♣...$.......
#.# ##).......o.
..#....#... #.#
#.$..#.#...♣
..%........ #.#
..#........#
......#.#.. #.#
....#.#...##.#...... ..
#.#
#####...............#.8
#. #.#
#.......#.g.......#....
a
##.###..###.#g@h.....#
#.............#g$.....
#............###...#..
#..........#...##..#
#..........#...# #...
#..........#...# .###
#..........#...# #
#..........#...#
#..........##.##


You could see a gnoll shaman, a hound, an orc priest and 2 gnolls.

Vanquished Creatures
  2 big kobolds (D:3)
  A crimson imp (D:4)
  A hound (D:4)
  2 orc priests
  2 orc wizards (D:2)
  3 worker ants
  Ijyb (D:3)
  6 adders
  11 gnolls
  A howler monkey skeleton (D:4)
  4 worms
  A dart slug (D:1)
  7 leopard geckos
  9 orcs
  8 bats
  4 giant cockroaches
  50 goblins
  18 hobgoblins
  A ball python (D:3)
  6 frilled lizards
  2 gnoll zombies (D:2)
  9 kobolds
  9 rats
158 creatures vanquished.

Notes
Turn   | Place    | Note
-------+----------+-------------------------------------------
     0 | Abyss:1  | Borgoz the Minotaur Abyssal Knight began the quest for the
                  | Orb.
     0 | Abyss:1  | Reached XP level 1. HP: 19/19 MP: 1/1
    70 | Abyss:1  | Noticed a spatial vortex
    70 | Abyss:1  | Noticed a spatial vortex
    70 | Abyss:1  | Noticed a spatial vortex
    71 | D:1      | Escaped the Abyss
   214 | D:1      | Reached * piety under Lugonu
   224 | D:1      | Reached XP level 2. HP: 27/27 MP: 2/2
   524 | D:1      | Reached XP level 3. HP: 32/33 MP: 3/3
   929 | D:2      | Reached ** piety under Lugonu
  1002 | D:2      | Reached XP level 4. HP: 40/40 MP: 4/4
  1371 | D:2      | Found a basalt altar of Yredelemnul.
  1441 | D:2      | Reached XP level 5. HP: 6/47 MP: 4/6
  1444 | D:2      | HP: 2/47 [something (1)]
  2130 | D:3      | Noticed Ijyb
  2140 | D:3      | Killed Ijyb
  2333 | D:3      | Reached XP level 6. HP: 49/55 MP: 7/7
  2898 | D:3      | Reached *** piety under Lugonu
  3085 | D:3      | Reached skill level 5 in Fighting
  3399 | D:3      | Reached XP level 7. HP: 58/61 MP: 8/8
  3466 | D:3      | Reached **** piety under Lugonu
  4050 | D:4      | Found Edghuank's Weapon Boutique.
  4087 | D:4      | HP: 3/61 [gnoll/+0 spear (2)]
  4421 | D:4      | Reached skill level 5 in Armour
  4486 | D:4      | Reached skill level 5 in Axes
  4522 | D:4      | HP: 1/62 [gnoll/+0 spear (8)]
  4522 | D:4      | Mangled by a gnoll

Vault maps used:
D:1:      minmay_arrival_stair_chambers, chequers_serial_rivers_micro_e,
          minmay_statues_item, dk_noncrumbling_3, chequers_garden,
          minmay_octomino_e4
D:2:      lemuel_zombie_altar_yredelemnul, hex_large
D:3:      minmay_goblin_kobold_castle, serial_rivers,
          chequers_serial_rivers_small_b, chequers_serial_rivers_small_3,
          chequers_serial_rivers_micro_d, chequers_serial_rivers_micro_e,
          chequers_serial_rivers_small_b, uniq_ijyb
D:4:      minmay_temple_entry_sparse_star, serial_shops, nicolae_shop_trees,
          first_ration, minmay_manual_mail, uniq_robin
Abyss:1:  bh_abyss_exit_grid, hangedman_abyss_or_decor_jellyfish_corner

Skill      XL: |  1  2  3  4  5  6  7 |
---------------+----------------------+-----
Invocations    | 2 3 4 |  4.0
Fighting       | 4 5 |  5.7
Axes           | 3 4 5 |  5.0
Armour         | 3 4 5 |  5.1
Dodging        | 2 3 4 |  4.0

Action                   |  1- 3 |  4- 6 |  7- 9 || total
-------------------------+-------+-------+-------++-------
Melee: Hand axe          |    67 |   204 |   118 ||   389
       Headbutt          |     6 |    29 |    19 ||    54
Invok: Depart the Abyss  |     1 |       |       ||     1
  Use: Scroll            |       |     7 |       ||     7
       Potion            |       |       |     4 ||     4
  Eat: Chunk             |       |     8 |     4 ||    12
Armor: Leather armour    |     4 |       |       ||     4
       Ring mail         |     9 |    72 |    64 ||   145
Dodge: Dodged            |    47 |   125 |   122 ||   294

Table legend:
 A = Non-vault XP
 B = Vault XP
 C = Vault XP percentage of total XP
 D = Non-vault monster count
 E = Vault monster count
 F = Vault count percentage of total count
                 A         B        C        D         E       F
            +---------+---------+-------+---------+---------+-------
      Total |     661 |     432 |  39.5 |      87 |      71 |  44.9
            +---------+---------+-------+---------+---------+-------
        D:1 |      35 |       7 |  16.7 |      18 |       6 |  25.0
        D:2 |     207 |       3 |   1.4 |      24 |       2 |   7.7
        D:3 |     180 |     422 |  70.1 |      30 |      63 |  67.7
        D:4 |     239 |       0 |   0.0 |      15 |       0 |   0.0
            +---------+---------+-------+---------+---------+-------
